 Dungeon Crawl Stone Soup version 0.21.1-1-g345015f (webtiles) character file.

121 letownia2 the Digger (level 5, -3/28 HPs)
             Began as a Gargoyle Earth Elementalist on Feb 14, 2018.
             Slain by an iguana (11 damage)
             ... on level 4 of the Dungeon.
             The game lasted 00:03:57 (597 turns).

letownia2 the Digger (Gargoyle Earth Elementalist)   Turns: 597, Time: 00:03:57

Health: -3/28      AC:  7    Str: 11    XL:     5   Next: 5%
Magic:  2/8        EV: 11    Int: 17    God:
Gold:   38         SH:  0    Dex: 10    Spells: 4/8 levels left

rFire    + . .     SeeInvis .   h - -1 spear (curse)
rCold    . . .     Gourm    .   (no shield)
rNeg     + . .     Faith    .   g - +0 leather armour
rPois    ∞         Spirit   .   (no helmet)
rElec    +         Reflect  .   (no cloak)
rCorr    .         Harm     .   (no gloves)
MR       .....                  (no boots)
Stlth    ++........             (no amulet)
HPRegen  0.09/turn              t - ring of protection from fire
MPRegen  0.11/turn              (no ring)

@: no status effects
A: negative energy resistance 1, electricity resistance, unbreathing,
petrification resistance, rot immunity, AC +4
a: no special abilities


You were on level 4 of the Dungeon.
You were not hungry.

You visited 1 branch of the dungeon, and saw 4 of its levels.

You collected 38 gold pieces.

Inventory:

Hand Weapons
 h - a cursed -1 spear (weapon)
 m - a +0 dagger
 o - a +0 dagger of freezing
 s - a +0 whip
Missiles
 b - 40 stones (quivered)
Armour
 c - a +0 robe
 g - a +0 leather armour (worn)
 u - a +0 ring mail
Jewellery
 t - a ring of protection from fire (left hand)
Scrolls
 i - 2 scrolls of immolation {unknown}
 l - a scroll of fear {unknown}
 n - a scroll of magic mapping {unknown}
 q - a scroll of teleportation {unknown}
 r - a scroll of enchant armour {unknown}
 v - a scroll of amnesia {unknown}
Potions
 a - a potion of lignification {unknown}
 f - a potion of berserk rage {unknown}
 j - a potion of flight {unknown}
 k - 3 potions of curing {unknown}
 p - a potion of brilliance {unknown}
Books
 e - a book of Geomancy

   Spells                             Type                      Level
   a - Sandblast                      Earth                        1
   b - Passwall                       Transmutation/Earth          2
   c - Stone Arrow                    Conjuration/Earth            3
   d - Petrify                        Transmutation/Earth          4
   e - Lee's Rapid Deconstruction     Earth                        5
Comestibles
 d - 2 rations
 w - 2 chunks of flesh


   Skills:
 - Level 1.5 Dodging
 - Level 2.1 Stealth
 + Level 2.0 Spellcasting
 + Level 0.0 Conjurations
   Level 0.7 Transmutations
 - Level 6.7 Earth Magic


You had 4 spell levels left.
You knew the following spells:

 Your Spells              Type           Power        Failure   Level  Hunger
a - Sandblast             Erth           ###...       1%          1    #......
d - Stone Arrow           Conj/Erth      ##....       19%         3    ###....


Dungeon Overview and Level Annotations

Branches:
Dungeon (4/15)
 Temple: D:4-7

Altars:


Innate Abilities, Weirdness & Mutations

You are resistant to torment.
Your stone body is resilient. (AC +4)
You are immune to poison.
You resist negative energy. (rN+)
You are resistant to electric shocks. (rElec)
You can survive without breathing.
You are immune to petrification.
You are immune to rotting.


Message History

Press: ? - help, Shift-Dir - straight line, f/p - bullfrog skeleton
Aim: a bullfrog skeleton (severely damaged)
The blast of sand hits the bullfrog skeleton.
You destroy the bullfrog skeleton!
You have reached level 5!
b - 40 stones Unknown command.
Casting: Sandblast
Confirm with . or Enter, or press ? or * to list all spells.
Okay, then.
An iguana comes into view.
The iguana hisses angrily.
The iguana barely misses you. The iguana bites you.
* * * LOW HITPOINT WARNING * * *
The iguana barely misses you.
The iguana bites you but does no damage.
The iguana bites you but does no damage.
The iguana bites you!
You die...

#.....o.####.#
..##...##
#..########## ###.
#..........)#
#.####...........#
#.?..............#
...#####...........#
. #...........# .
#....l......#
#.####@###### #.#
#..# ..# #.##
######)# #..# #.##
#.# #.# .# ##<#


You could see an iguana.

Vanquished Creatures
  A bullfrog skeleton (D:4)
  An orc priest (D:4)
  3 adders
  A dart slug (D:1)
  A leopard gecko (D:2)
  8 orcs
  A giant cockroach (D:4)
  3 hobgoblins (D:3)
  A quokka (D:4)
  5 frilled lizards
  2 kobolds
  2 rats
29 creatures vanquished.

Notes
Turn   | Place    | Note
-------+----------+-------------------------------------------
     0 | D:1      | letownia2 the Gargoyle Earth Elementalist began the quest for the Orb.
     0 | D:1      | Reached XP level 1. HP: 10/10 MP: 3/3
   139 | D:2      | Reached skill level 4 in Earth Magic
   169 | D:2      | Reached XP level 2. HP: 9/15 MP: 3/5
   237 | D:3      | Reached XP level 3. HP: 10/19 MP: 0/6
   240 | D:3      | Reached skill level 5 in Earth Magic
   365 | D:4      | Learned a level 3 spell: Stone Arrow
   463 | D:4      | Reached XP level 4. HP: 9/24 MP: 5/7
   569 | D:4      | Reached skill level 6 in Earth Magic
   576 | D:4      | Reached XP level 5. HP: 11/28 MP: 0/8
   597 | D:4      | Slain by an iguana

Skill      XL: |  1  2  3  4 |
---------------+-------------+-----
Earth Magic    | 4 5 6 |  6.7
Dodging        | |  1.5
Stealth        | |  2.1
Spellcasting   | |  2.0
Transmutations | |  0.7

Action                   |  1- 3 |  4- 6 || total
-------------------------+-------+-------++-------
Melee: Spear             |    60 |     1 ||    61
Throw: Stone             |     1 |       ||     1
 Cast: Sandblast         |    22 |    10 ||    32
       Stone Arrow       |       |     2 ||     2
Armor: Leather armour    |    20 |     5 ||    25
Dodge: Dodged            |    38 |     4 ||    42
